 Dungeon Sprint DCSS version 0.23-a0-290-g290e36d (webtiles) character file.

4 emperorscorpion the Charmwright (level 1, 0/28 HPs)
             Began as a Naga Skald on Oct 3, 2018.
             Slain by a jelly (2 damage)
             ... in the Dungeon (Sprint IX: "|||||||||||||||||||||||||||||").
             The game lasted 00:00:18 (33 turns).

emperorscorpion the Charmwright (Naga Skald)          Turns: 33, Time: 00:00:19

Health: 0/28       AC: -2    Str: 18    XL:     1   Next: 60%
Magic:  3/3        EV:  9    Int: 13    God:
Gold:   0          SH:  0    Dex: 10    Spells: 3/4 levels left

rFire    . . .     SeeInvis +   a - +0 spear
rCold    . . .     Gourm    .   (no shield)
rNeg     . . .     Faith    .   b - +0 leather armour
rPois    +         Spirit   .   (no helmet)
rElec    .         Reflect  .   (no cloak)
rCorr    .         Harm     .   (no gloves)
MR       .....     NoTele   +   (no barding)
Stlth    ..........             (no amulet)
HPRegen  0.09/turn              (no ring)
MPRegen  0.08/turn              (no ring)

@: berserking, corroded, quick
A: large, see invisible, deformed body, poison resistance, slowness 2, slow
metabolism 1, spit poison 1, AC +0
a: Spit Poison


You were in the Dungeon.
You were not hungry.

You visited 1 branch

Inventory:

Hand Weapons
 a - a +0 spear (weapon)
Armour
 b - a +0 leather armour (worn)
Scrolls
 j - a scroll of blinking
Potions
 e - a potion of curing
 f - a potion of heal wounds
 g - a potion of haste
 h - 2 potions of magic
Comestibles
 c - 5 chunks of flesh
 d - a ration


   Skills:
 + Level 2.2 Fighting
 + Level 2.0 Polearms
 + Level 0.7 Armour
 + Level 1.6 Dodging
 + Level 2.4 Spellcasting
 + Level 3.7 Charms


You had 3 spell levels left.
You knew the following spells:

 Your Spells              Type           Power        Failure   Level  Hunger
a - Infusion              Chrm           ##..         6%          1    #......

Your spell library contained the following spells:

 Spells                   Type           Power        Failure   Level  Hunger
 Song of Slaying          Chrm           ##......     10%         2    ###....
 Shroud of Golubria       Chrm/Tloc      #.........   21%         2    ###....
 Regeneration             Chrm/Necr      #.........   38%         3    ###....
 Spectral Weapon          Hex/Chrm       #.......     38%         3    ###....


Dungeon Overview and Level Annotations

Branches:
Dungeon (1/1)

Altars:


Innate Abilities, Weirdness & Mutations

You cannot wear boots.
Your serpentine skin is tough. (AC +0)
You have supernaturally acute eyesight. (SInv)
Armour fits poorly on your strangely shaped body.
Your system is resistant to poisons. (rPois)
You cover ground very slowly.
You have a slow metabolism.
You can spit poison.


Message History

You open the door.
A leopard gecko, an adder, 2 jellies and a shadow imp come into view.
The leopard gecko hisses angrily.
The adder hisses angrily.
A red film seems to cover your vision as you go berserk!
You feel yourself moving faster!
You feel mighty!
The ooze quivers.
The jelly hits you. The acid corrodes you!
You are splashed with acid!
The acid burns!
* * * LOW HITPOINT WARNING * * *
Unknown command.
Your leather armour prevents you from hitting the jelly.
You puncture the jelly!
Your hands burn!
* * * LOW HITPOINT WARNING * * *
The jelly is heavily wounded.
The jelly barely misses you.
You hit the jelly.
Your hands burn!
* * * LOW HITPOINT WARNING * * *
The jelly is almost dead.
The jelly hits you.
You die...

▓.▓
▓.▓
▓.▓
▓÷▓
▓.▓
▓.▓
▓.▓
▓.▓
▓@▓
▓J▓
▓5▓
▓l▓
▓S▓
▓J▓
▓.▓
▓+▓


You could see a jelly, an ooze, an adder, a shadow imp and a leopard gecko.

Vanquished Creatures
  A hobgoblin (D)
  A bat (D)
  2 frilled lizards (D)
  A rat (D)
5 creatures vanquished.

Notes
Turn   | Place    | Note
-------+----------+-------------------------------------------
     0 | D        | emperorscorpion the Naga Skald began the quest for the Orb.
     0 | D        | Reached XP level 1. HP: 19/19 MP: 3/3
    29 | D        | Noticed a jelly
    33 | D        | Slain by a jelly

Vault maps used:
D:        linesprint

Action                   || total
-------------------------++-------
Melee: Spear             ||    16
 Abil: Spit Poison       ||     2
  Use: Potion            ||     1
Armor: Leather armour    ||     3
Dodge: Dodged            ||     5

Table legend:
 A = Non-vault XP
 B = Vault XP
 C = Vault XP percentage of total XP
 D = Non-vault monster count
 E = Vault monster count
 F = Vault count percentage of total count
                 A         B        C        D         E       F
            +---------+---------+-------+---------+---------+-------
      Total |       0 |       6 | 100.0 |       0 |       5 | 100.0
            +---------+---------+-------+---------+---------+-------
          D |       0 |       6 | 100.0 |       0 |       5 | 100.0
            +---------+---------+-------+---------+---------+-------
